 Dungeon Crawl Stone Soup version 0.31-a0-984-gbfb7dba898 (webtiles) character file.

Game seed: 14333536630191633680

56 MacCMillion the Shield-Bearer (level 3, 0/31 HPs)
             Began as a Ghoul Fighter on Nov 3, 2023.
             Slain by Pargi (1 damage)
             ... on level 3 of the Dungeon.
             The game lasted 00:02:04 (1638 turns).

MacCMillion the Shield-Bearer (Ghoul Fighter)       Turns: 1638, Time: 00:02:04

Health: 0/31       AC:  6    Str: 21    XL:     3   Next: 97%
Magic:  2/2        EV:  9    Int:  3    God:
Gold:   88         SH:  9    Dex:  8    Spells: 2/2 levels left

rFire   . . .        a - +0 war axe
rCold   + . .        c - +0 buckler
rNeg    + + +        b - +0 scale mail
rPois   ∞            (no helmet)
rElec   .            (no cloak)
rCorr   .            (no gloves)
SInv    .            (no boots)
Will    .....        j - amulet of reflection Stlth
                     (no ring)
HPRegen 0.00/turn    (no ring)
MPRegen 0.08/turn

%: reflection
@: inhibited regen
A: claws 1, cold resistance 1, negative energy resistance 3, inhibited
regeneration, torment resistance 2, devour on kill
a: no special abilities


You were on level 3 of the Dungeon.
You visited 1 branch of the dungeon, and saw 3 of its levels.

You collected 88 gold pieces.

Inventory:

Hand Weapons
 a - a +0 war axe (weapon)
Armour
 b - a +0 scale mail (worn)
 c - a +0 buckler (worn)
Jewellery
 j - an amulet of reflection (around neck)
Scrolls
 e - 6 scrolls of identify {unknown}
 f - a scroll of revelation {unknown}
 h - a scroll of noise {unknown}
 k - a scroll of butterflies {unknown}
 l - a scroll of fog {unknown}
Potions
 d - a potion of might
 g - 2 potions of enlightenment {unknown}
 i - a potion of resistance {unknown}
 m - a potion of brilliance {unknown}


   Skills:
 - Level 3.2 Fighting
 + Level 2.9 Axes
 - Level 2.6 Armour
 + Level 3.5 Shields


You had 2 spell levels left.
You didn't know any spells.
Your spell library contained the following spells:

 Spells                   Type           Power      Damage    Failure   Level
 Dazzling Flash           Conj/Hex       0%         N/A       99%         3
 Volatile Blastmotes      Fire/Tloc      0%         2d10      99%         3
 Starburst                Conj/Fire      0%         6d3       100%        6
 Maxwell's Capacitive Co  Air            0%         ∞         100%        8


Dungeon Overview and Level Annotations

Branches:
Dungeon (3/15)

Altars:

Annotations:
D:2 Sigmund
D:3 Pargi


Innate Abilities, Weirdness & Mutations

You are immune to poison.
You have sharp fingernails.
Your flesh is cold resistant. (rC+)
You are immune to negative energy. (rN+++)
You do not regenerate when monsters are visible.
You are immune to unholy pain and torment.
You thrive by killing the living.


Message History

You barely miss Pargi.
Pargi is lightly wounded.
Pargi closely misses you. Pargi claws you. Pargi claws you but does no damage.
You closely miss Pargi.
Pargi is lightly wounded.
Pargi looks very sad for a moment.
You block Pargi's attack. Pargi claws you but does no damage.
You block Pargi's attack. Pargi bites you but does no damage.
Pargi claws you but does no damage. Pargi closely misses you.
You barely miss Pargi. Pargi barely misses you.
Pargi claws you but does no damage. Pargi barely misses you.
You barely miss Pargi. Pargi closely misses you. You block Pargi's attack. x2
Pargi closely misses you. You block Pargi's attack. Pargi barely misses you.
You closely miss Pargi. Pargi bites you but does no damage.
Pargi claws you but does no damage. Pargi claws you.
You barely miss Pargi. Pargi bites you but does no damage. Pargi claws you. x2
Pargi bites you. Pargi claws you but does no damage. You block Pargi's attack.
You barely miss Pargi. Pargi bites you but does no damage.
Pargi closely misses you. Pargi claws you but does no damage.
You hit Pargi.
Pargi is lightly wounded.
Pargi closely misses you. Pargi claws you.
* * * LOW HITPOINT WARNING * * *
Pargi claws you but does no damage.
You slash Pargi!
Pargi is heavily wounded.
Pargi bites you.
* * * LOW HITPOINT WARNING * * *
Pargi barely misses you. You block Pargi's attack.
Pargi bites you but does no damage. Pargi barely misses you.
Pargi claws you but does no damage.
You hit Pargi but do no damage.
Pargi is heavily wounded.
You block Pargi's attack. Pargi claws you but does no damage. x2
You barely miss Pargi.
Pargi is heavily wounded.
Pargi bites you.
* * * LOW HITPOINT WARNING * * *
Pargi claws you but does no damage. Pargi claws you.
You die...

.# ....#### #
?......# #. ##
#..#.#.# .. #.##
#......### #.##.##
##..#.#.^.
#.....###.......#
#...#T.......#
#.##@#.......#
#>#####...##.# #.#
#......# #.#
#)......## #.#
#.......#
###.###......T..#
#.....#..?..#.#..
##.....#.........##
#......#.....#.#.#


You could see Pargi.

Vanquished Creatures
  3 adders (D:2)
  2 dart slugs (D:2)
  2 endoplasms
  3 goblins
  2 hobgoblins (D:1)
  2 quokkas (D:1)
  2 ball pythons
  2 bats (D:1)
  2 frilled lizards
  7 kobolds (D:1)
  A rat (D:1)
28 creatures vanquished.

Notes
Turn   | Place    | Note
-------+----------+-------------------------------------------
     0 | D:1      | MacCMillion the Ghoul Fighter began the quest for the Orb.
     0 | D:1      | Reached XP level 1. HP: 19/19 MP: 0/0
   212 | D:1      | Reached XP level 2. HP: 22/26 MP: 1/1
   302 | D:1      | Found a faded altar of an unknown god.
   992 | D:2      | Reached XP level 3. HP: 27/31 MP: 2/2
  1351 | D:2      | Identified the +3 long sword of Woahadgh {flame, Dex+5}
  1521 | D:2      | Noticed Sigmund
  1614 | D:3      | Noticed Pargi
  1638 | D:3      | HP: 1/31 [Pargi (5)]
  1638 | D:3      | Slain by Pargi

Illustrated notes

Levels and vault maps discovered:
D:1:      spicycebolla_arrival_xxxplode, layout_loops_ring,
          nicolae_ecumenical_snake_handling
D:2:      layout_loops_ring, basic_altar, uniq_sigmund
D:3:      layout_loops_cross, amcnicky_altar_gilded,
          mainiacjoe_overflow_big_doors,
          mainiacjoe_sewer_entry_somewhere_in_here_2, serial_glass,
          glass_columns_a, glass_columns_c, glass_columns_a, glass_columns_a,
          glass_columns_a, glass_columns_a, minmay_misc_feat_alley, uniq_pargi

Skill      XL: |  1  2 |
---------------+-------+-----
Axes           | 2 |  2.9
Shields        | 3 |  3.5
Fighting       | |  3.2
Armour         | |  2.6

Action                     || total
---------------------------++-------
  Melee: War axe           ||   113
 Armour: Scale mail        ||   110
  Dodge: Dodged            ||    68
  Block: Buckler           ||    26

Table legend: (Time is in decaauts)
 A = Elapsed time spent in this place.
 B = Non-inter-level travel time spent in this place.
 C = Inter-level travel time spent in this place.
 D = Time resting spent in this place.
 E = Time spent auto-exploring this place.
 F = Levels seen in this place.
 G = Mean time per level.
                   A        B        C        D        E       F      G
               +--------+--------+--------+--------+--------+-----+--------+
         Total |   1683 |   1638 |     45 |    336 |    962 |   3 |  561.0 |
       Dungeon |   1683 |   1638 |     45 |    336 |    962 |   3 |  561.0 |
               +--------+--------+--------+--------+--------+-----+--------+

Top non-repeatable levels by time:
     D:1: 976 daAuts
     D:2: 618 daAuts
     D:3: 89 daAuts
